 Dungeon Crawl Stone Soup version 0.22-a0-605-g9281fa2 (webtiles) character file.

86 digijack the Skirmisher (level 4, -1/35 HPs)
             Began as a Demonspawn Abyssal Knight on July 8, 2018.
             Was a Believer of Lugonu.
             Slain by a gnoll
             ... wielding a +0 spear
              (8 damage)
             ... on level 2 of the Dungeon.
             The game lasted 00:14:38 (1751 turns).

digijack the Skirmisher (Demonspawn Abyssal Knight) Turns: 1751, Time: 00:14:39

Health: -1/35      AC:  3    Str: 13    XL:     4   Next: 26%
Magic:  6/6        EV: 12    Int: 13    God:    Lugonu [**....]
Gold:   30         SH:  0    Dex: 15    Spells: 3/3 levels left

rFire    . . .     SeeInvis .   a - +1 spear
rCold    . . .     Gourm    .   (no shield)
rNeg     . . .     Faith    .   b - +0 leather armour
rPois    .         Spirit   .   (no helmet)
rElec    .         Reflect  .   (no cloak)
rCorr    .         Harm     .   (no gloves)
MR       .....                  (no boots)
Stlth    ++........             (no amulet)
HPRegen  0.11/turn              (no ring)
MPRegen  0.10/turn              (no ring)

@: no status effects
A: talons 1, thin skeletal structure 1
a: Depart the Abyss, Bend Space, Renounce Religion


You were on level 2 of the Dungeon.
You worshipped Lugonu.
Lugonu was pleased with you.
You were not hungry.

You visited 1 branch of the dungeon, and saw 2 of its levels.
You visited the Abyss 1 time.

You collected 30 gold pieces.

Inventory:

Hand Weapons
 a - a +1 spear (weapon)
Armour
 b - a +0 leather armour (worn)
Scrolls
 e - a scroll of identify
Comestibles
 c - a ration
 d - a chunk of flesh


   Skills:
 + Level 3.5 Fighting
 + Level 2.4 Polearms
 + Level 2.4 Armour
 + Level 1.6 Dodging
 + Level 0.2 Stealth
 + Level 3.3 Invocations


You had 3 spell levels left.
You didn't know any spells.
Your spell library was empty.

Dungeon Overview and Level Annotations

Branches:
Dungeon (2/15)

Altars:


Innate Abilities, Weirdness & Mutations

You have sharp toenails.
You have a somewhat thin skeletal structure. (Dex +2, Stealth)


Message History

The gnoll is heavily wounded.
The gnoll closely misses you. The gnoll hits you with a short sword.
Attack whom?
Press: ? - help, Dir - move target cursor, f/p - gnoll
Aim: a gnoll, wielding a spear and wearing a buckler You reach to attack!
You barely miss the gnoll.
The gnoll hits you from afar with a spear!
The gnoll hits you with a short sword.
Attack whom?
Press: ? - help, Dir - move target cursor, f/p - gnoll
Aim: a gnoll, wielding a spear and wearing a buckler You reach to attack!
You hit the gnoll but do no damage. The gnoll closely misses you.
The gnoll barely misses you.
You hit the gnoll.
The gnoll is severely wounded.
The gnoll barely misses you. x2
The gnoll hits you from afar with a spear!
* * * LOW HITPOINT WARNING * * *
The gnoll hits you from afar with a spear!
You die...

### #.##.# #..#..
#..#.#### #######..#.#..
#####........#.#.#
......#...#.##.#.#####
......#...#.....@....#
......#......#.##g##.#
..........##.#...ggg.#
.........###.#..#.#..#
.......................
.........#...#..#.......g
.........#.##............
........... ........ ....
.........#'#.. ......#...


You could see 4 gnolls.

Vanquished Creatures
  3 adders (D:2)
  2 oozes (D:1)
  A leopard gecko (D:1)
  2 giant cockroaches (D:1)
  3 goblins
  8 hobgoblins
  5 jackals
  6 kobolds
  7 bats (D:1)
  3 frilled lizards (D:1)
  10 rats
50 creatures vanquished.

Notes
Turn   | Place    | Note
-------+----------+-------------------------------------------
     0 | Abyss:1  | digijack the Demonspawn Abyssal Knight began the quest for the Orb.
     0 | Abyss:1  | Reached XP level 1. HP: 18/18 MP: 2/2
    10 | D:1      | Escaped the Abyss
   134 | D:1      | Gained mutation: You have sharp toenails. [demonic ancestry]
   134 | D:1      | Reached XP level 2. HP: 22/24 MP: 4/4
   152 | D:1      | Reached skill level 1 in Dodging
   314 | D:1      | Reached ** piety under Lugonu
   673 | D:1      | Reached XP level 3. HP: 29/29 MP: 5/5
  1596 | D:2      | Gained mutation: You have a somewhat thin skeletal structure. (Dex +2, Stealth) [demonic ancestry]
  1596 | D:2      | Reached XP level 4. HP: 24/35 MP: 6/6
  1751 | D:2      | Slain by a gnoll

Vault maps used:
D:1:      elethiomel_arrival_diamonds, serial_corexii_hall,
          corexii_hall_statues_x, corexii_hall_statues_u, glass_columns_b
Abyss:1:  evilmike_abyss_exit_plants

Skill      XL: |  1  2 |
---------------+-------+-----
Armour         | 2 |  2.4
Dodging        | 1 |  1.6
Polearms       | 2 |  2.4
Invocations    | 3 |  3.3
Fighting       | |  3.5
Stealth        | |  0.2

Action                   |  1- 3 |  4- 6 || total
-------------------------+-------+-------++-------
Melee: Spear             |   166 |    15 ||   181
       Kick              |    23 |     3 ||    26
  Use: Potion            |     2 |       ||     2
       Scroll            |     4 |     1 ||     5
 Stab: Sleeping          |     1 |       ||     1
  Eat: Chunk             |     2 |     1 ||     3
Armor: Leather armour    |    36 |     3 ||    39
Dodge: Dodged            |    73 |     9 ||    82

Table legend:
 A = Spawn XP
 B = Non-spawn XP
 C = Spawn XP percentage of total XP
 D = Spawn monster count
 E = Non-spawn monster count
 F = Spawn count percentage of total count
 G = Total turns spent on level
                    A         B        C        D         E        F      G
               +---------+---------+-------+---------+---------+-------+---------
         Total |       0 |     123 |   0.0 |       0 |      50 |   0.0 |  1751
               +---------+---------+-------+---------+---------+-------+---------
           D:1 |       0 |      68 |   0.0 |       0 |      38 |   0.0 |  1299
           D:2 |       0 |      55 |   0.0 |       0 |      12 |   0.0 |   442
               +---------+---------+-------+---------+---------+-------+---------
